 Seeded DCSS version 0.29.1-15-g9cfb28693d (webtiles) character file.

Game seed: 1 (custom seed)

24208 Kazon the Fighter (level 13, -1/131 HPs)
             Began as an Ogre Gladiator on Feb 28, 2023.
             Was a High Priest of Okawaru.
             Slain by a blink frog (7 damage)
             ... on level 2 of the Lair of Beasts.
             The game lasted 01:16:51 (12958 turns).

Kazon the Fighter (Ogre Gladiator)                 Turns: 12958, Time: 01:16:52

Health: -1/131     AC:  8    Str: 21    XL:     13   Next: 11%
Magic:  18/18      EV: 10    Int:  9    God:    Okawaru [*****.]
Gold:   125        SH: 17    Dex: 12    Spells: 12/12 levels left

rFire   + + +      SeeInvis .   f - +7 Maxwell's thermic engine {flame, freeze}
rCold   + + +      Faith    .   c - +7 kite shield "Bunewono" {Will+ rCorr Int-2}
rNeg    . . .      Spirit   .   m - +0 acid dragon scales
rPois   +          Reflect  .   w - +0 hat
rElec   .          Harm     .   R - scarf {rC+ rF+}
rCorr   +          Rampage  .   (gloves unavailable)
Will    ++...                   (boots unavailable)
Stlth   +++.......              I - amulet "Odemouw" {Contam rPois rF+++ Regen+ Stlth+}
HPRegen 1.11/turn               l - ring of protection from cold
MPRegen 0.16/turn               z - ring of protection from cold

@: no status effects
A: large, unfitting armour, tough skin 1
a: Renounce Religion, Heroism, Finesse, Duel


You were on level 2 of the Lair of Beasts.
You worshipped Okawaru.
Okawaru was extremely pleased with you.
You visited 3 branches of the dungeon, and saw 17 of its levels.

You collected 1085 gold pieces.
You spent 960 gold pieces at shops.

Inventory:

Hand Weapons
 e - a +2 dagger of venom
 f - the +7 Maxwell's thermic engine (weapon) {flame, freeze}
   (You found it on level 1 of the Lair of Beasts)

   It burns those it strikes, dealing additional fire damage.
   Big, fiery blades are also staple armaments of hydra-hunters.
   It freezes those it strikes, dealing additional cold damage.
   It can also slow down cold-blooded creatures.
   It becomes more effective when it hits something.
   This effect fades over time.
 s - the +3 falchion of Winter {venom, rCorr}
   (You bought it in a shop on level 3 of the Dungeon)

   It poisons the flesh of those it strikes.
   rCorr:     It protects you from acid and corrosion.
Missiles
 d - 3 throwing nets
 o - 15 boomerangs
 x - 5 large rocks
 C - 4 curare-tipped darts
 N - 10 poisoned darts (quivered)
 O - 3 silver javelins
 S - a silver boomerang
 U - 2 atropa-tipped darts
Armour
 c - the +7 kite shield "Bunewono" (worn) {Will+ rCorr Int-2}
   (You acquired it on level 1 of the Dungeon)

   Int:       It affects your intelligence (-2).
   rCorr:     It protects you from acid and corrosion.
   Will:      It increases your willpower.
 m - +0 acid dragon scales (worn)
 w - a +0 hat (worn)
 R - a scarf of resistance (worn)
Jewellery
 l - a ring of protection from cold (left hand)
 z - a ring of protection from cold (right hand)
 I - the amulet "Odemouw" (around neck) {Contam rPois rF+++ Regen+ Stlth+}
   (You bought it in a shop on level 8 of the Dungeon)

   [amulet of regeneration]

   rF:        It renders you almost immune to fire.
   rPois:     It protects you from poison.
   Contam:    It causes magical contamination when unequipped.
   Regen:     It increases your rate of health regeneration.
   Stlth:     It makes you more stealthy.
Wands
 y - a wand of mindburst (1)
 B - a wand of paralysis (24)
 D - a wand of flame (31)
 J - a wand of roots (6)
 Q - a wand of polymorph (11)
Scrolls
 g - a scroll of enchant armour {unknown}
 n - a scroll of immolation
 p - 2 scrolls of poison {unknown}
 q - 3 scrolls of fog {unknown}
 t - 4 scrolls of teleportation
 v - a scroll of magic mapping
 A - 2 scrolls of enchant weapon {unknown}
 F - 3 scrolls of fear
 V - a scroll of blinking
Potions
 a - a potion of heal wounds
 b - 2 potions of berserk rage
 h - 3 potions of haste
 k - 2 potions of flight
 u - 6 potions of lignification
 E - 2 potions of cancellation
 H - 2 potions of might
 P - a potion of ambrosia
Miscellaneous
 L - a condenser vane


   Skills:
 + Level 9.4 Fighting
 + Level 5.2(8.0) Short Blades
 + Level 9.4(10.0) Long Blades
 * Level 6.7 Throwing
 + Level 4.2 Armour
 + Level 7.2 Dodging
 + Level 4.4 Stealth
 + Level 8.4 Shields
 * Level 7.2 Invocations
 * Level 6.0 Evocations


You had 12 spell levels left.
You didn't know any spells.
Your spell library contained the following spells:

 Spells                   Type           Power      Damage    Failure   Level
 Apportation              Tloc           0%         N/A       69%         1
 Magic Dart               Conj           0%         1d3       69%         1
 Necrotise                Necr           0%         1d4       69%         1
 Sting                    Tmut/Pois      0%         1d3       69%         1
 Poisonous Vapours        Pois/Air       0%         N/A       83%         2
 Mephitic Cloud           Conj/Pois/Air  0%         N/A       96%         3
 Ozocubu's Armour         Ice            0%         N/A       96%         3
 Olgreb's Toxic Radiance  Pois           0%         N/A       100%        4
 Blade Hands              Tmut           0%         N/A       100%        5
 Fireball                 Conj/Fire      0%         3d3       100%        5
 Iskenderun's Battlesphe  Conj           0%         2d6       100%        5
 Metabolic Englaciation   Hex/Ice        0%         N/A       100%        5
 Conjure Ball Lightning   Conj/Air       0%         3x3d6     100%        6
 Iron Shot                Conj/Erth      0%         9d1       100%        6
 Orb of Destruction       Conj           0%         9d5       100%        7
 Summon Small Mammal      Summ           Unusable   N/A       N/A         1
 Call Imp                 Summ           Unusable   N/A       N/A         2
 Animate Armour           Summ/Erth      Unusable   N/A       N/A         4
 Simulacrum               Ice/Necr       Unusable   N/A       N/A         6

Dungeon Overview and Level Annotations

Branches:
Dungeon (14/15)            Temple (1/1) D:7            Lair (2/5) D:10
  Swamp: Lair:2-3    Shoals: Lair:2-3     Snake: Lair:2-3    Spider: Lair:2-3
    Orc: D:9-12      Vaults: D:13-14

Altars:
Ashenzari
Dithmenos
Elyvilon
Gozag
Hepliaklqana
Makhleb
Nemelex Xobeh
Okawaru
Qazlal
Uskayaw
Xom

Shops:
D:3 (   D:8 ?(==   D:10 :


Innate Abilities, Weirdness & Mutations

You are too large for most types of armour.
You have tough skin. (AC +1)


Message History

The blink frog is moderately wounded.
You feel sick.
You slice the blink frog!! You burn the blink frog.
You kill the blink frog!
Okawaru accepts your kill.
You feel sick.
The blink frog blinks!
Throw: 12 darts (poison)
Press: ? - help, Q - select action, (/) - cycle Shift-Dir - straight line, f - blink frog
Aim: a blink frog (54% to hit)
You throw a poisoned dart. The poisoned dart hits the blink frog.
The blink frog is poisoned.
You feel sick.
You are no longer poisoned.
Throw: 11 darts (poison)
Press: ? - help, Q - select action, (/) - cycle Shift-Dir - straight line, f - blink frog, p - blink frog
Aim: a blink frog (heavily wounded, 54% to hit)
You throw a poisoned dart. The poisoned dart hits the blink frog!
The blink frog looks even sicker.
The blink frog blinks! x2
You slice the blink frog!! You burn the blink frog. You freeze the blink frog.
The blink frog seems to slow down.
The blink frog is almost dead.
You kill the blink frog!
Okawaru accepts your kill. You block the blink frog's attack.
You slash the blink frog! You burn the blink frog.
You kill the blink frog!
Okawaru accepts your kill.
The blink frog blinks!
You barely miss the blink frog.
The blink frog is heavily wounded.
You feel like a meek peon again. The blink frog hits you!
* * * LOW HITPOINT WARNING * * *
You slash the blink frog! You burn the blink frog. You freeze the blink frog.
The blink frog is almost dead.
You block the blink frog's attack.
You barely miss the blink frog. The blink frog barely misses you.
The blink frog blinks!
The blink frog hits you!
You die...

##............. ##....#........P
#.....#........(.
#.............(. ................
#..P..F....... #..........#.. #
######..#............
.#.##.##.#.##†@F(......P...# #
#..........†(§§.#..........#
..#..........(...............#
..#..........................##
..#...........................#
.............................####
...................###.......#P..
..#.................####..##.....
.#..............÷..## #....##.≈~~


You could see 2 blink frogs.

Vanquished Creatures
  Nessos (D:12)
  Fannar (Lair:2)
  Erolcha (D:10)
  A catoblepas (Lair:2)
  A two-headed ogre (D:9)
  Lodul (D:12)
  A wizard (D:14)
  A cyclops (D:14)
  5 ugly things
  3 black mambas
  3 cane toads
  Maggie (D:6)
  A freezing wraith (D:14)
  5 komodo dragons
  A tengu conjurer (D:12)
  3 trolls
  Prince Ribbit (D:9)
  8 blink frogs (Lair:2)
  2 shadows
  A vampire (D:10)
  20 yaks
  2 wyverns
  2 basilisks
  Eustachio (D:5)
  2 steam dragons
  4 vampire mosquitoes (D:13)
  Menkaure (D:5)
  Edmund (D:6)
  An acid dragon (D:10)
  5 water moccasins
  4 orc warriors
  An ice beast (D:8)
  5 sky beasts
  2 black bears (D:6)
  4 centaurs
  7 ogres
  A wolf (D:10)
  2 phantoms (D:6)
  3 kobold brigands
  3 necrophages
  4 bullfrogs
  A gnoll sergeant (D:7)
  5 scorpions
  21 wights
  3 killer bees (D:10)
  2 electric eels
  A howler monkey (D:5)
  2 jellies (D:6)
  6 hounds
  7 orc priests
  A gnoll bouda (D:7)
  6 iguanas
  4 orc wizards
  Robin (D:3)
  15 gnolls
  12 adders
  3 shadow imps
  2 white imps (D:7)
  An ufetubus (D:5)
  3 worms
  35 orcs
  11 endoplasms
  A giant cockroach (D:1)
  16 goblins
  9 hobgoblins
  A jackal (D:4)
  24 kobolds
  2 quokkas
  5 ball pythons
  4 bats
  3 frilled lizards
  6 rats
330 creatures vanquished.

Vanquished Creatures (others)
  6 fungi
  4 plants (Lair:2)
10 creatures vanquished.

Grand Total: 340 creatures vanquished

Notes
Turn   | Place    | Note
-------+----------+-------------------------------------------
     0 | D:1      | Kazon the Ogre Gladiator began the quest for the Orb.
     0 | D:1      | Reached XP level 1. HP: 22/22 MP: 1/1
    32 | D:1      | Identified a scroll of acquirement
    32 | D:1      | Acquired the +7 kite shield "Bunewono" {Will+ rCorr Int-2}
    84 | D:1      | HP: 1/22 [kobold/+0 whip (3)]
   585 | D:1      | Reached XP level 2. HP: 26/29 MP: 2/2
  1160 | D:2      | Reached XP level 3. HP: 36/36 MP: 3/3
  1678 | D:2      | Reached skill level 1 in Shields
  1678 | D:2      | Reached XP level 4. HP: 44/44 MP: 4/4
  1820 | D:3      | Found Umat's Antique Weapon Boutique.
  1847 | D:3      | Bought a crude falchion for 184 gold pieces
  1847 | D:3      | Identified the +3 falchion of Winter {venom, rCorr} (You
                  | bought it in a shop on level 3 of the Dungeon)
  2031 | D:3      | Noticed Robin
  2050 | D:3      | Killed Robin
  2061 | D:3      | Reached XP level 5. HP: 30/51 MP: 5/5
  2197 | D:3      | Reached skill level 1 in Short Blades
  2362 | D:3      | Reached skill level 5 in Long Blades
  2362 | D:3      | Reached skill level 5 in Dodging
  2362 | D:3      | Reached XP level 6. HP: 68/68 MP: 6/6
  2905 | D:4      | Reached XP level 7. HP: 76/76 MP: 7/7
  3274 | D:4      | Found a hazy altar of Hepliaklqana.
  3433 | D:5      | Entered Level 5 of the Dungeon
  3869 | D:5      | Reached XP level 8. HP: 80/84 MP: 8/8
  3894 | D:5      | Reached skill level 1 in Evocations
  3946 | D:5      | Noticed Menkaure
  3955 | D:5      | Killed Menkaure
  3956 | D:5      | Reached skill level 5 in Throwing
  4462 | D:5      | Noticed Eustachio
  4473 | D:5      | Killed Eustachio
  4474 | D:5      | Reached skill level 5 in Shields
  4964 | D:6      | Reached XP level 9. HP: 85/93 MP: 9/9
  5315 | D:7      | Found a staircase to the Ecumenical Temple.
  5325 | Temple   | Entered the Ecumenical Temple
  5332 | Temple   | Became a worshipper of Warmaster Okawaru
  5409 | D:7      | Found a hide-covered altar of Uskayaw.
  5828 | D:6      | Reached skill level 1 in Invocations
  5843 | D:6      | Reached * piety under Okawaru
  5892 | D:6      | Noticed Edmund
  5912 | D:6      | Killed Edmund
  5998 | D:6      | Reached XP level 10. HP: 53/104 MP: 11/11
  6363 | D:6      | Noticed Maggie
  6381 | D:6      | Killed Maggie
  6381 | D:6      | Reached ** piety under Okawaru
  6504 | D:7      | Found a white marble altar of Elyvilon.
  7241 | D:8      | Found Esumer's Weapon Shop.
  7342 | D:8      | Found Quzidd's Magic Scroll Emporium.
  7347 | D:8      | Bought a scroll of teleportation for 42 gold pieces
  7479 | D:8      | Reached *** piety under Okawaru
  7531 | D:8      | Found Heidghoki's Jewellery Shop.
  7672 | D:8      | Found Zoxtaeshakh's Jewellery Boutique.
  8196 | D:9      | Noticed Prince Ribbit
  8210 | D:9      | Killed Prince Ribbit
  8461 | D:9      | Noticed a two-headed ogre
  8469 | D:9      | Killed a two-headed ogre
  8469 | D:9      | Reached **** piety under Okawaru
  8470 | D:9      | Reached XP level 11. HP: 81/111 MP: 13/13
  8744 | D:10     | Entered Level 10 of the Dungeon
  8829 | D:10     | Found a staircase to the Lair.
  8864 | D:10     | Noticed Erolcha
  8870 | D:10     | Killed Erolcha
  8870 | D:10     | Received a gift from Okawaru
  8890 | D:10     | Identified the +5 long sword of the Land of Plenty {drain,
                  | Dex+3}
  8932 | D:10     | Reached ***** piety under Okawaru
  9386 | D:10     | Found Juagoaq's Book Shoppe.
  9478 | D:10     | Received a gift from Okawaru
  9829 | D:11     | Noticed a green ugly thing
  9838 | D:11     | Killed a green ugly thing
  9861 | D:11     | Reached skill level 5 in Invocations
  9871 | D:11     | Received a gift from Okawaru
 10039 | D:11     | You fall into a shaft and drop 3 floors!
 10042 | D:14     | Noticed a cyclops
 10051 | D:14     | Killed a cyclops
 10068 | D:14     | Noticed a death knight
 10088 | D:14     | HP: 2/113 [freezing wraith[a death knight] (4)]
 10468 | D:14     | Noticed a wizard
 10507 | D:14     | Killed a wizard
 10507 | D:14     | Received a gift from Okawaru
 10508 | D:14     | Reached skill level 5 in Evocations
 10508 | D:14     | Reached XP level 12. HP: 91/122 MP: 16/16
 10537 | D:14     | Noticed a boulder beetle
 10578 | D:14     | Identified the +6 scale mail "Voetobuo" {Int-3 Dex+8}
 10614 | D:14     | Reached skill level 5 in Short Blades
 10631 | D:14     | Received a gift from Okawaru
 11092 | D:12     | Noticed Nessos
 11102 | D:12     | Killed Nessos
 11507 | D:12     | Noticed Lodul
 11533 | D:12     | Killed Lodul
 11721 | D:8      | Bought the amulet "Odemouw" {Contam rPois rF+++ Regen+
                  | Stlth+} for 734 gold pieces
 11790 | Lair:1   | Entered Level 1 of the Lair of Beasts
 11868 | Lair:1   | Found the +2 Maxwell's thermic engine {flame, freeze}
 12598 | Lair:2   | Noticed a catoblepas
 12634 | Lair:2   | Killed a catoblepas
 12645 | Lair:2   | Noticed Fannar
 12717 | Lair:2   | Killed Fannar
 12869 | Lair:2   | Reached XP level 13. HP: 131/131 MP: 18/18
 12925 | Lair:2   | Received a gift from Okawaru
 12956 | Lair:2   | HP: 4/131 [blink frog (9)]
 12958 | Lair:2   | Slain by a blink frog

Illustrated notes

Levels and vault maps discovered:
D:1:      dpeg_arrival_three_smaller_balls, layout_basic
D:2:      layout_loops_ring
D:3:      layout_basic, serial_shops, nicolae_shop_stone, st_stairs_9,
          minmay_misc_feat_doors, eino_curves_03, uniq_robin
D:4:      minmay_wonky_spiral, layout_basic,
          mainiacjoe_overflow_surrounded_room, minivault_5
D:5:      layout_cave_pods, uniq_menkaure, uniq_eustachio
D:6:      cheibrodos_barr_body, layout_basic, minmay_crystal_room,
          minmay_pentangle, uniq_maggie, uniq_edmund
D:7:      layout_cave_pools, nicolae_uskayaw_murder_on_the_dancefloor,
          elyvilon_altar_4, minmay_temple_entry_purple_smoke
D:8:      layout_basic, serial_shops, shop_statue, kennysheep_little_box, shop,
          nicolae_shop_window_shopping
D:9:      layout_cave_pools, uniq_prince_ribbit1
D:10:     layout_stronghold, erik_lair_island, serial_shops,
          nicolae_shop_statue_plus, uniq_erolcha
D:11:     layout_roguey
D:12:     layout_loops_ring, orc_0_dummy, chequers_serial_rivers_marsh,
          uniq_lodul, uniq_nessos, uniq_rupert
D:13:     layout_gridville, david_vaults_5, serial_shops,
          nicolae_shop_behind_doors, minmay_fractal_squares_gapless_5,
          uniq_azrael
D:14:     layout_roguey, minmay_misc_feat_secret_circle, gammafunk_ghost_split,
          portal_ice_cave_entry_ice_simulacra, uniq_snorg
Temple:   nicolae_temple_bog_church
Lair:1:   layout_long_grid, fungi_pond_lemuel, cheibrodos_lair_reptile_den
Lair:2:   layout_gridlike, uniq_fannar

Skill      XL: |  1  2  3  4  5  6  7  8  9 10 11 12 13 |
---------------+----------------------------------------+-----
Long Blades    | 3 5 6 7 8 9 |  9.4
Dodging        | 3 5 6 7 |  7.2
Shields        | 1 4 5 6 7 8 |  8.4
Fighting       | 3 6 7 8 9 |  9.4
Short Blades   | 4 5 |  5.2
Throwing       | 4 5 6 |  6.7
Armour         | 3 4 |  4.2
Stealth        | 3 4 |  4.4
Evocations     | 1 2 3 5 6 |  6.0
Invocations    | 2 3 5 6 7 |  7.2

Action                   |  1- 3 |  4- 6 |  7- 9 | 10-12 | 13-15 || total
-------------------------+-------+-------+-------+-------+-------++-------
Melee: Long sword        |    99 |       |       |   124 |       ||   223
       Dagger            |    12 |    62 |   133 |    54 |       ||   261
       Falchion          |       |    39 |   194 |   495 |       ||   728
       Double sword      |       |       |       |    79 |    49 ||   128
Throw: Stone             |    12 |    19 |    28 |    62 |       ||   121
       Large rock        |     1 |       |     1 |     3 |       ||     5
       Boomerang         |       |       |     6 |    68 |       ||    74
       Dart              |       |       |       |    15 |    11 ||    26
       Throwing net      |       |       |       |     1 |       ||     1
       Javelin           |       |       |       |    11 |       ||    11
Invok: Heroism           |       |       |     2 |    10 |     1 ||    13
       Finesse           |       |       |       |     1 |       ||     1
Evoke: Wand              |       |       |     2 |    23 |       ||    25
  Use: Scroll            |     1 |       |     3 |    13 |       ||    17
       Potion            |       |     1 |     3 |     4 |       ||     8
 Stab: Sleeping          |       |     2 |     8 |     8 |       ||    18
       Distracted        |       |       |     1 |     1 |       ||     2
       Paralysed         |       |       |       |     5 |       ||     5
Armor: Robe              |    20 |     9 |    32 |     6 |       ||    67
       Acid dragon scale |       |       |       |    81 |     5 ||    86
Dodge: Dodged            |    29 |    13 |    74 |   154 |    21 ||   291
Block: Kite shield       |    66 |    48 |   232 |   496 |    52 ||   894
